 Dungeon Crawl Stone Soup version 0.24.0-2-g5b39cebb1c (webtiles) character file.

Game seed: 7912310104623037357, levelgen mode: deterministic

961 Arixos the Conjurer (level 8, -4/78 HPs)
             Began as an Ogre Conjurer on Oct 31, 2019.
             Was a Follower of Vehumet.
             Slain by a phantasmal warrior (33 damage)
             ... led by a death knight
             ... on level 5 of the Dungeon.
             The game lasted 00:20:59 (6151 turns).

Arixos the Conjurer (Ogre Conjurer)                 Turns: 6151, Time: 00:21:00

Health: -4/78      AC:  3    Str: 13    XL:     8   Next: 15%
Magic:  9/14       EV: 11    Int: 21    God:    Vehumet [*.....]
Gold:   133        SH:  0    Dex:  9    Spells: 9/15 levels left

rFire    . . .     SeeInvis .   b - +1 short sword (venom)
rCold    . . .     Gourm    .   (no shield)
rNeg     . . .     Faith    .   v - +0 robe
rPois    .         Spirit   .   (helmet restricted)
rElec    .         Reflect  .   (no cloak)
rCorr    .         Harm     .   (gloves unavailable)
MR       .....                  (boots unavailable)
Stlth    +.........             (no amulet)
HPRegen  0.23/turn              p - +3 ring of intelligence
MPRegen  0.14/turn              (no ring)

@: vulnerable
A: large, unfitting armour, tough skin 1
a: Renounce Religion


You were on level 5 of the Dungeon.
You worshipped Vehumet.
Vehumet was aware of your devotion.
You were not hungry.

You visited 1 branch of the dungeon, and saw 6 of its levels.

You collected 133 gold pieces.

Inventory:

Hand Weapons
 b - a +1 short sword of venom (weapon)
Missiles
 l - 33 poisoned darts (quivered)
Armour
 v - a +0 robe (worn)
Magical Staves
 a - an uncursed staff of fire
Jewellery
 p - a +3 ring of intelligence (left hand)
Scrolls
 d - 6 scrolls of identify {unknown}
 e - 2 scrolls of magic mapping
 f - 2 scrolls of remove curse {unknown}
 g - 2 scrolls of noise {unknown}
 i - a scroll of fog {unknown}
 m - a scroll of enchant weapon {unknown}
 o - 2 scrolls of teleportation {unknown}
 q - a scroll of fear {unknown}
 s - a scroll of immolation {unknown}
 w - a scroll of blinking {unknown}
Potions
 h - 2 potions of curing {unknown}
 j - 2 potions of heal wounds {unknown}
 k - 2 potions of mutation {unknown}
 n - 3 potions of brilliance {unknown}
 r - 2 potions of berserk rage {unknown}
 t - a potion of agility {unknown}
 u - a potion of ambrosia {unknown}
Comestibles
 c - 11 rations


   Skills:
 + Level 3.7 Fighting
 - Level 2.0 Armour
 + Level 3.4 Dodging
 - Level 1.4 Stealth
 + Level 4.2 Spellcasting
 * Level 5.3 Conjurations
 * Level 3.2 Hexes
 * Level 2.6 Air Magic


You had 9 spell levels left.
You knew the following spells:

 Your Spells              Type           Power        Failure   Level  Hunger
a - Shock                 Conj/Air       ###.         2%          1    None
b - Magic Dart            Conj           ####         1%          1    None
f - Fulminant Prism       Conj/Hex       ###.......   21%         4    ####...

Your spell library contained the following spells:

 Spells                   Type           Power        Failure   Level  Hunger
 Searing Ray              Conj           ####..       1%          2    #......
 Dazzling Spray           Conj/Hex       ###...       6%          3    ##.....
 Iskenderun's Mystic Bla  Conj           ####....     13%         4    ####...
 Force Lance              Conj/Tloc      ###.....     36%         4    ####...


Dungeon Overview and Level Annotations

Branches:
Dungeon (6/15)
 Temple: D:4-7

Altars:
Ashenzari
Hepliaklqana
Kikubaaqudgha
Nemelex Xobeh
Sif Muna
Vehumet
Wu Jian
Xom
Zin


Innate Abilities, Weirdness & Mutations

You are too large for most types of armour.
You have tough skin. (AC +1)


Message History

Press: ? - help, Shift-Dir - straight line, f/p - phantasmal warrior
Aim: a phantasmal warrior (lightly damaged)
The zap hits the phantasmal warrior but does no damage.
The phantasmal warrior is lightly damaged.
The phantasmal warrior hits you but does no damage.
Casting: Shock (safe; 2% risk of failure)
Confirm with . or Enter, or press ? or * to list all spells.
Aiming: Shock (safe; 2% risk of failure)
Press: ? - help, Shift-Dir - straight line, f/p - phantasmal warrior
Aim: a phantasmal warrior (lightly damaged)
The zap hits the phantasmal warrior but does no damage.
The phantasmal warrior is lightly damaged.
The phantasmal warrior hits you!
Casting: Shock (safe; 2% risk of failure)
Confirm with . or Enter, or press ? or * to list all spells.
Aiming: Shock (safe; 2% risk of failure)
Press: ? - help, Shift-Dir - straight line, f/p - phantasmal warrior
Aim: a phantasmal warrior (lightly damaged)
The zap misses the phantasmal warrior.
The phantasmal warrior hits you!!
You die...

.#######.# #.##### ##.##.#
.........# #.....# #.##.#
.######### #####.# #.##.# .#
#####.#######.##.##
.############.............#...#
............#..#####..........#
.#####.####.#..# #.#.#.##...#
.# #.####.#..#####.#.#.######
.# #........[W@..#.#.#.# .##
#.####..[>)##.#.#.#.#
..####.#####..#.##.#.#.#.#
)...............##.#.#.#.#
#.)..##.####..>.##.#.#.#.#
........####....##.#.....#
##...#...................#
##.###.###.............##
#.###.#..........###.##


You could see a phantasmal warrior.

Vanquished Creatures
  A centaur (D:5)
  2 bullfrogs (D:5)
  2 crimson imps (D:5)
  A quasit (D:5)
  An orc wizard (D:5)
  2 centaur skeletons
  3 hounds
  2 orc priests (D:6)
  Natasha (thrice) (D:2)
  3 iguanas
  3 worker ants
  A hound skeleton (D:4)
  4 gnolls
  6 adders
  A dart slug (D:3)
  3 leopard geckos
  14 orcs
  3 ball pythons
  2 giant cockroaches
  7 goblins
  A hobgoblin (D:3)
  4 jackals (D:2)
  8 bats
  3 frilled lizards
  A jackal skeleton (D:5)
  7 kobolds
  A leopard gecko skeleton (D:6)
  A quokka skeleton (D:4)
  10 rats
100 creatures vanquished.

Notes
Turn   | Place    | Note
-------+----------+-------------------------------------------
     0 | D:1      | Arixos the Ogre Conjurer began the quest for the Orb.
     0 | D:1      | Reached XP level 1. HP: 16/16 MP: 3/3
   279 | D:1      | Reached XP level 2. HP: 26/26 MP: 1/5
   547 | D:1      | Reached skill level 1 in Fighting
   960 | D:2      | Noticed Natasha
   978 | D:2      | Killed Natasha
   978 | D:2      | Reached XP level 3. HP: 22/33 MP: 1/7
  1156 | D:2      | Reached skill level 1 in Armour
  1196 | D:2      | Reached XP level 4. HP: 38/42 MP: 2/8
  1253 | D:2      | Learned a level 4 spell: Fulminant Prism
  1378 | D:2      | Reached skill level 4 in Conjurations
  1410 | D:2      | Found a shimmering blue altar of Sif Muna.
  1415 | D:2      | Found an ornate altar of the Wu Jian Council.
  1419 | D:2      | Found a shimmering altar of Xom.
  1419 | D:2      | Found a shattered altar of Ashenzari.
  1419 | D:2      | Found a radiant altar of Vehumet.
  1420 | D:2      | Found a glowing silver altar of Zin.
  1420 | D:2      | Found a hazy altar of Hepliaklqana.
  1424 | D:2      | Became a worshipper of Vehumet
  1428 | D:2      | Found an ancient bone altar of Kikubaaqudgha.
  1505 | D:2      | Noticed Natasha
  1513 | D:2      | Killed Natasha
  1876 | D:2      | Noticed Natasha
  1883 | D:2      | Killed Natasha
  1883 | D:2      | Reached skill level 1 in Hexes
  1883 | D:2      | Reached XP level 5. HP: 49/49 MP: 1/9
  2078 | D:3      | Found a faded altar of an unknown god.
  3059 | D:4      | Reached * piety under Vehumet
  3059 | D:4      | Offered knowledge of Shock by Vehumet.
  3059 | D:4      | Reached XP level 6. HP: 48/59 MP: 2/11
  3183 | D:4      | Learned a level 1 spell: Shock
  4140 | D:5      | Entered Level 5 of the Dungeon
  4302 | D:5      | Reached skill level 1 in Air Magic
  4589 | D:5      | Reached XP level 7. HP: 30/67 MP: 5/12
  5261 | D:6      | Found a sparkling altar of Nemelex Xobeh.
  5285 | D:5      | Reached skill level 5 in Conjurations
  5706 | D:6      | Reached XP level 8. HP: 50/75 MP: 2/14
  5718 | D:6      | Noticed a death knight
  6075 | D:6      | Noticed a freezing wraith
  6134 | D:6      | Noticed a freezing wraith
  6134 | D:6      | Noticed a wraith
  6141 | D:6      | Noticed a phantasmal warrior
  6151 | D:5      | Slain by a phantasmal warrior

Levels and vault maps discovered:
D:1:      dpeg_chamrin_arrival_tetris, layout_basic, minmay_box_of_dots
D:2:      layout_loops_corners, minitemple, minmay_unequal, uniq_natasha
D:3:      layout_basic, first_ration, chequers_ecumenical_altar_simple
D:4:      layout_loops_corners
D:5:      layout_loops_ring
D:6:      layout_gridville, minmay_temple_entry_grid, basic_altar

Skill      XL: |  1  2  3  4  5  6  7 |
---------------+----------------------+-----
Dodging        | 2 3 |  3.4
Fighting       | 1 2 3 |  3.7
Spellcasting   | 3 4 |  4.2
Armour         | 1 2 |  2.0
Conjurations   | 4 5 |  5.3
Hexes          | 1 2 3 |  3.2
Air Magic      | 1 2 |  2.6
Stealth        | |  1.4

Action                   |  1- 3 |  4- 6 |  7- 9 || total
-------------------------+-------+-------+-------++-------
Melee: Unarmed           |     3 |       |       ||     3
       Short sword       |    10 |    14 |    35 ||    59
 Cast: Magic Dart        |    39 |    98 |       ||   137
       Shock             |       |    69 |    98 ||   167
  Use: Scroll            |       |       |     1 ||     1
 Stab: Sleeping          |     1 |     1 |       ||     2
  Eat: Chunk             |     1 |    10 |     5 ||    16
Armor: Robe              |     4 |    12 |    18 ||    34
Dodge: Dodged            |    11 |    38 |    56 ||   105
